 Dungeon Crawl Stone Soup version 0.25-a0-302-g9f758675c1 (webtiles) character file.

Game seed: 2635614347884842569, levelgen mode: deterministic

7756 Jerej03 the Carver (level 11, -4/94 HPs)
             Began as a Minotaur Abyssal Knight on Dec 10, 2019.
             Was a High Priest of Lugonu.
             Slain by an orc warrior
             ... wielding a +0 dire flail
              (11 damage)
             ... on level 9 of the Dungeon on Dec 20, 2019.
             The game lasted 01:00:31 (6995 turns).

Jerej03 the Carver (Minotaur Abyssal Knight)        Turns: 6995, Time: 01:00:31

Health: -4/94      AC: 15    Str: 20    XL:     11   Next: 0%
Magic:  15/15      EV: 10    Int: 11    God:    Lugonu [*****.]
Gold:   449        SH:  0    Dex: 10    Spells: 10/16 levels left

rFire    . . .     SeeInvis .   h - +7 Singing Sword {slice, sonic wave}
rCold    . . .     Gourm    .   (no shield)
rNeg     . . .     Faith    +   y - +1 chain mail
rPois    .         Spirit   .   (helmet restricted)
rElec    .         Reflect  .   (no cloak)
rCorr    .         Harm     .   t - +0 pair of gloves
MR       ++...                  a - +2 pair of boots
Stlth    +.........             J - amulet of faith
HPRegen  0.25/turn              f - ring of stealth
MPRegen  0.14/turn              d - ring of protection from magic

@: no status effects
A: retaliatory headbutt, horns 2, clever 1, magic resistance 1, sturdy frame 1
a: Depart the Abyss, Bend Space, Banish, Corrupt, Enter the Abyss, Renounce
Religion


You were on level 9 of the Dungeon.
You worshipped Lugonu.
Lugonu was extremely pleased with you.
You were not hungry.

You visited 3 branches of the dungeon, and saw 11 of its levels.
You visited the Abyss 1 time.

You collected 449 gold pieces.

Inventory:

Hand Weapons
 h - the +7 Singing Sword (weapon) {slice, sonic wave}
   (You found it on level 6 of the Dungeon)

   It inflicts extra damage upon your enemies.
 F - a +1 trident of venom
Missiles
 s - 8 poisoned darts
 x - a throwing net (quivered)
Armour
 a - a +2 pair of boots (worn)
 t - a +0 pair of gloves (worn)
 y - a +1 chain mail (worn)
Jewellery
 b - an uncursed amulet of rage
 d - a ring of protection from magic (right hand)
 f - a ring of stealth (left hand)
 i - an uncursed amulet of the acrobat
 J - an amulet of faith (around neck)
Wands
 g - a wand of paralysis (7)
 p - a wand of digging (5)
 E - a wand of flame (31)
Scrolls
 e - 4 scrolls of teleportation
 j - 3 scrolls of remove curse
 o - a scroll of enchant weapon
 r - a scroll of fear
 u - a scroll of enchant armour
Potions
 n - 2 potions of degeneration
 q - a potion of flight
 z - a potion of haste
 A - 2 potions of ambrosia
 C - a potion of cancellation
 D - a potion of agility
 G - a potion of might
Comestibles
 c - 11 rations


   Skills:
 + Level 8.2 Fighting
 * Level 12.8 Long Blades
   Level 7.2(7.5) Axes
   Level 3.0(5.5) Maces & Flails
 + Level 6.3 Armour
 + Level 5.0 Dodging
 - Level 2.5 Stealth
 * Level 3.4 Spellcasting
 + Level 2.6 Invocations


You had 10 spell levels left.
You knew the following spells:

 Your Spells              Type           Power        Failure   Level  Hunger
a - Magic Dart            Conj           #...         77%         1    #......
b - Searing Ray           Conj           #.....       88%         2    ###....
c - Dazzling Flash        Conj/Hex       #.....       98%         3    ###....

Your spell library contained the following spells:

 Spells                   Type           Power        Failure   Level  Hunger
 Fulminant Prism          Conj/Hex       #.........   100%        4    #####..
 Iskenderun's Mystic Bla  Conj/Tloc      #.......     100%        4    #####..


Dungeon Overview and Level Annotations

Branches:
Dungeon (9/15)             Temple (1/1) D:4            Lair (1/6) D:8
    Orc: D:9-12

Altars:
Ashenzari
Cheibriados
Dithmenos
Elyvilon
Fedhas
Gozag
Hepliaklqana
Kikubaaqudgha
Makhleb
Nemelex Xobeh
Okawaru
Qazlal
Ru
Sif Muna
Trog
Uskayaw
Vehumet
Wu Jian
Xom
Zin
The Shining One

Annotations:
D:3 Robin


Innate Abilities, Weirdness & Mutations

You reflexively headbutt those who attack you in melee.
You have a pair of horns on your head.
Your mind is acute. (Int +2)
You are resistant to hostile enchantments. (MR+)
Your movements are slightly less encumbered by armour. (ER -2)


Message History

* * * LOW HITPOINT WARNING * * *
The orc wizard hits you but does no damage.
The orc warrior completely misses you.
You riposte.
Your chain mail prevents you from hitting the orc warrior.
You headbutt the orc warrior, but do no damage.
The orc hits you with a +0 hand axe.
* * * LOW HITPOINT WARNING * * *
The orc wizard hits you but does no damage.
The orc warrior completely misses you. The orc hits you but does no damage.
The orc wizard casts a spell.
The orc wizard flickers and vanishes!
Deactivating autopickup; reactivate with Ctrl-A.
The orc warrior closely misses you.
You riposte.
You slash the orc warrior!
You headbutt the orc warrior, but do no damage.
The orc warrior is heavily wounded.
The orc hits you but does no damage. Something hits you.
* * * LOW HITPOINT WARNING * * *
The orc warrior hits you with a +0 dire flail!
You die...

,,,*,,,,,#.......#.......,,,,#...
,,,*,,,,,#.......#..o).......#...
,,,+,,,,,#.......#..).†......#...
,,,*,,,,,#.......#...........#...
,,,*,,,,,#.......'...Z.......#...
*+**,,,,,#......)#.........†.#...
,,,*,,,,,#......)########...###O.
,,,******#######)o......#...###..
,,,* #@{......'........ ,,,*
#.o...††.#........ ,,,*
#.......†#........ ,,,*
#........#........ ,,,*
#........#........ ,,,*
#........#........ ****
*****#........#..######
*,,,....##########,,,,, *,,,....#
*,,,,,


You could see an orc warrior and an orc.

Vanquished Creatures
  A two-headed ogre (D:8)
  A spiny frog (Lair:1)
  Grinder (D:3)
  A hippogriff (D:8)
  A blink frog (Lair:1)
  7 yaks (D:9)
  A wyvern (D:8)
  6 porcupines
  2 orc warriors
  3 black bears (D:8)
  A phantom (D:9)
  A necrophage (D:8)
  4 ogres
  16 wolves (Lair:1)
  A centaur (D:7)
  4 bullfrogs
  2 big kobolds
  A wyvern zombie (D:8)
  7 scorpions
  4 killer bees (D:7)
  5 crimson imps
  3 howler monkeys
  A centaur zombie (D:5)
  7 orc priests
  A hound (D:8)
  2 centaur skeletons
  A jelly (D:6)
  5 orc wizards
  5 worker ants
  A killer bee zombie (D:8)
  2 worker ant zombies
  12 adders
  A shadow imp (D:5)
  2 oozes
  4 adder skeletons
  2 worms
  A dart slug (D:1)
  7 leopard geckos
  7 orcs
  9 bats
  7 giant cockroaches
  12 goblins
  6 hobgoblins
  11 jackals
  A quokka (D:2)
  2 ball pythons
  5 frilled lizards
  33 kobolds
  2 leopard gecko skeletons
  A quokka skeleton (D:5)
  7 rats
  37 fungi (D:8)
  45 plants
312 creatures vanquished.

Vanquished Creatures (others)
  6 fungi (D:8)
  2 plants (D:7)
8 creatures vanquished.

Grand Total: 320 creatures vanquished

Notes
Turn   | Place    | Note
-------+----------+-------------------------------------------
     0 | Abyss:1  | Jerej03 the Minotaur Abyssal Knight began the quest for the
                  | Orb.
     0 | Abyss:1  | Reached XP level 1. HP: 19/19 MP: 1/1
     4 | Abyss:1  | Upgraded the game from 0.25-a0-279-g53730b6a6f to
                  | 0.25-a0-302-g9f758675c1
   114 | Abyss:1  | Noticed a purple draconian scorcher
   120 | D:1      | Escaped the Abyss
   285 | D:1      | Reached XP level 2. HP: 27/27 MP: 2/2
   311 | D:1      | Reached * piety under Lugonu
   858 | D:2      | Reached XP level 3. HP: 33/34 MP: 3/3
   984 | D:2      | Reached XP level 4. HP: 26/41 MP: 4/4
  1284 | D:3      | Reached ** piety under Lugonu
  1330 | D:3      | Reached skill level 1 in Axes
  1333 | D:3      | Noticed Robin
  1642 | D:3      | Noticed Grinder
  1643 | D:3      | Paralysed by Grinder for 5 turns
  1667 | D:3      | Paralysed by Grinder for 4 turns
  1672 | D:3      | Killed Grinder
  1672 | D:3      | Reached skill level 1 in Stealth
  1672 | D:3      | Reached XP level 5. HP: 17/47 MP: 5/5
  1672 | D:3      | Reached XP level 6. HP: 20/55 MP: 6/6
  1982 | D:3      | Found a glowing silver altar of Zin.
  2291 | D:4      | Reached skill level 5 in Axes
  2300 | D:4      | Found a staircase to the Ecumenical Temple.
  2308 | Temple   | Entered the Ecumenical Temple
  2712 | D:4      | Found a stormy altar of Qazlal.
  2814 | D:5      | Entered Level 5 of the Dungeon
  2815 | D:5      | Found a burning altar of Makhleb.
  2847 | D:5      | Reached skill level 5 in Fighting
  2866 | D:5      | Reached XP level 7. HP: 60/61 MP: 7/7
  2888 | D:5      | Found a bloodstained altar of Trog.
  3012 | D:5      | Found a glowing golden altar of the Shining One.
  3150 | D:5      | Found a snail-covered altar of Cheibriados.
  3150 | D:5      | Found a shimmering blue altar of Sif Muna.
  3761 | D:6      | Reached *** piety under Lugonu
  3775 | D:6      | Reached XP level 8. HP: 44/70 MP: 8/8
  4242 | D:6      | Found the +7 Singing Sword {slice, sonic wave}
  4432 | D:6      | Reached skill level 1 in Long Blades
  4727 | D:7      | Learned a level 1 spell: Magic Dart
  4730 | D:7      | Learned a level 2 spell: Searing Ray
  4734 | D:7      | Learned a level 3 spell: Dazzling Flash
  4954 | D:7      | Reached skill level 2 in Long Blades
  5035 | D:7      | Reached skill level 3 in Long Blades
  5035 | D:7      | Reached skill level 4 in Long Blades
  5041 | D:7      | Reached **** piety under Lugonu
  5295 | D:7      | Reached skill level 1 in Spellcasting
  5664 | D:7      | Reached skill level 5 in Long Blades
  5841 | D:8      | Found a staircase to the Lair.
  5845 | D:8      | Reached skill level 6 in Long Blades
  5845 | D:8      | Reached XP level 9. HP: 70/79 MP: 8/10
  5854 | D:8      | Reached skill level 7 in Long Blades
  5858 | D:8      | Reached skill level 8 in Long Blades
  5880 | D:8      | Reached skill level 9 in Long Blades
  5929 | Lair:1   | Entered Level 1 of the Lair of Beasts
  5938 | Lair:1   | Reached skill level 5 in Armour
  5943 | Lair:1   | Reached skill level 10 in Long Blades
  5944 | Lair:1   | Reached XP level 10. HP: 55/88 MP: 12/12
  5949 | Lair:1   | Noticed a spiny frog
  5961 | Lair:1   | Reached ***** piety under Lugonu
  5965 | Lair:1   | Reached skill level 11 in Long Blades
  5975 | Lair:1   | Killed a spiny frog
  6014 | D:8      | Gained mutation: You are resistant to hostile enchantments.
                  | (MR+) [potion of mutation]
  6014 | D:8      | Gained mutation: Your mind is acute. (Int +2) [potion of
                  | mutation]
  6014 | D:8      | Gained mutation: Your movements are slightly less
                  | encumbered by armour. (ER -2) [potion of mutation]
  6360 | D:8      | Found a white marble altar of Elyvilon.
  6726 | D:8      | Noticed a two-headed ogre
  6729 | D:8      | Killed a two-headed ogre
  6729 | D:8      | Reached skill level 12 in Long Blades
  6866 | D:9      | Reached skill level 5 in Dodging
  6901 | D:9      | Reached XP level 11. HP: 23/94 MP: 15/15
  6995 | D:9      | Slain by an orc warrior

Levels and vault maps discovered:
D:1:      onia_arrival_mini_spirals, layout_loops_ring, minmay_pentomino_p4
D:2:      layout_rooms, first_ration, chequers_serial_rivers_room_b
D:3:      layout_basic, zin_treasury, uniq_grinder, uniq_robin
D:4:      layout_rooms, nicolae_qazlal_general_emergency, temple_green,
          mrwooster_statue_mirror, kennysheep_generic_room_4
D:5:      layout_cave_pods, lemuel_round_altar, kennysheep_mini_moat,
          bloody_makhleb, gammafunk_temple_overflow_pools
D:6:      old_forge, layout_cave_pods
D:7:      kennysheep_kobold_camp, layout_layer_cave
D:8:      layout_basic, lemuel_doored_altar, due_lair_maze_entry_diamond
D:9:      layout_gridville, yredelemnul_forgotten_temple_becter,
          hangedman_pestilent_swarm, uniq_joseph, uniq_maurice
Temple:   oiseaux_autumnal_temple
Lair:1:   layout_misc_corridors, nicolae_quartered_pool_super, st_stairs_11,
          chequers_serial_rivers_marsh, wad_woods_river_04,
          grunt_forest_large_clearings, infiniplex_staircase_pool_2,
          lemuel_fruit_tree

Skill      XL: |  1  2  3  4  5  6  7  8  9 10 |
---------------+-------------------------------+-----
Fighting       | 4 5 6 7 8 |  8.2
Invocations    | 2 |  2.6
Maces & Flails | 3 |  3.0
Dodging        | 2 3 4 5 |  5.0
Axes           | 4 5 7 |  7.2
Armour         | 3 5 6 |  6.3
Stealth        | 1 2 |  2.5
Long Blades    | 6 10 12 | 12.8
Spellcasting   | 1 2 3 |  3.4

Action                   |  1- 3 |  4- 6 |  7- 9 | 10-12 || total
-------------------------+-------+-------+-------+-------++-------
Melee: Mace              |    63 |       |       |       ||    63
       Headbutt          |     7 |    13 |    18 |    11 ||    49
       War axe           |     6 |    92 |    48 |       ||   146
       Double sword      |       |       |    87 |    63 ||   150
Throw: Throwing net      |       |       |       |     1 ||     1
Invok: Depart the Abyss  |     1 |       |       |       ||     1
       Bend Space        |       |     1 |       |       ||     1
  Use: Scroll            |     1 |     9 |     2 |    10 ||    22
       Potion            |       |     7 |     3 |     5 ||    15
 Stab: Sleeping          |       |     2 |     3 |       ||     5
  Eat: Ration            |       |     1 |     2 |     1 ||     4
       Chunk             |       |     3 |     3 |     1 ||     7
Armor: Leather armour    |    23 |    28 |     1 |       ||    52
       Robe              |       |       |    23 |       ||    23
       Ring mail         |       |       |    13 |       ||    13
       Chain mail        |       |       |    29 |    33 ||    62
Dodge: Dodged            |    68 |    60 |   150 |    41 ||   319
       Rpst.: Double sword |       |       |    19 |    15 ||    34

Table legend:
 A = Non-vault XP
 B = Vault XP
 C = Vault XP percentage of total XP
 D = Non-vault monster count
 E = Vault monster count
 F = Vault count percentage of total count
                 A         B        C        D         E       F
            +---------+---------+-------+---------+---------+-------
      Total |    6939 |    4141 |  37.4 |     155 |      75 |  32.6
            +---------+---------+-------+---------+---------+-------
        D:1 |      34 |       3 |   8.1 |      19 |       2 |   9.5
        D:2 |      76 |       0 |   0.0 |      20 |       0 |   0.0
        D:3 |      34 |     304 |  89.9 |      16 |      10 |  38.5
        D:4 |     101 |      15 |  12.9 |       5 |       2 |  28.6
        D:5 |     429 |       0 |   0.0 |      14 |       0 |   0.0
        D:6 |     262 |     411 |  61.1 |       9 |      14 |  60.9
        D:7 |     642 |     124 |  16.2 |      16 |      21 |  56.8
        D:8 |    2747 |    1164 |  29.8 |      35 |       9 |  20.5
        D:9 |    1873 |       0 |   0.0 |      17 |       0 |   0.0
     Lair:1 |     741 |    2120 |  74.1 |       4 |      17 |  81.0
            +---------+---------+-------+---------+---------+-------
